Map: Galactic Process LE

Players

MarineLorD - Winner!

  • Race: Terran Terran

HeroMarine

  • Race: Terran Terran

Event: 2016 WCS Summer Circuit Championship (DH Montreal)

VOD

Have the link to the VOD?

Description

Time

  • Played on: Aug. 13, 2016, 11:27 a.m.
  • Length: 12:09

All games in this series

Show
View Real Time Build Order
Export as new Build Order

MarineLorD Terran - Winner!

Build Orders: Reaper Expand, Bio Tank 

Get SALT Encoding   

  12  0:00  SCV  
  13  0:12  SCV  
  14  0:17  Supply Depot  
  14  0:24  SCV  
  15  0:30  Refinery  
  15  0:39  SCV  
  16  0:44  Barracks  
  16  0:51  SCV  
  17  1:03  SCV  
  18  1:15  SCV  
  19  1:30  Orbital Command  
  19  1:31  Reaper  
  20  1:50  Command Center  
  20  2:02  Factory  
  20  2:03  SCV  
  20  2:08  Barracks Reactor  
  20  2:15  SCV  
  21  2:17  Supply Depot  
  21  2:27  SCV  
  21  2:29  Refinery  
  22  2:39  SCV  
  22  2:44  Marine x2  
  23  2:47  Hellion  
  23  2:50  Starport  
  27  2:52  SCV  
  28  3:02  Marine x2  
  28  3:04  SCV  
  31  3:08  Orbital Command  
  31  3:16  SCV  
  34  3:20  Hellion  
  34  3:23  Marine  
  34  3:25  Marine  
  36  3:31  Medivac  
  38  3:34  SCV  
  38  3:35  SCV  
  40  3:42  Supply Depot  
  40  3:45  Hellion  
  40  3:47  SCV  
  43  3:50  SCV  
  43  3:54  Marine x2  
  46  4:02  Supply Depot  
  46  4:04  SCV x2  
  46  4:05  Supply Depot  
  46  4:08  Widow Mine  
  50  4:12  Marine x2  
  50  4:16  SCV  
  50  4:17  SCV  
  54  4:24  Medivac  
  54  4:27  Supply Depot  
  54  4:28  SCV  
  54  4:29  SCV  
  54  4:31  Marine x2  
  60  4:40  SCV  
  60  4:41  SCV  
  58  4:49  Marine x2  
  52  4:53  SCV  
  52  4:57  Factory Tech Lab, Viking  
  52  4:58  SCV  
  53  5:04  Supply Depot  
  53  5:05  SCV  
  54  5:08  Marine x2  
  54  5:09  Command Center  
  54  5:11  SCV  
  57  5:15  Siege Tank  
  57  5:17  SCV  
  61  5:23  SCV  
  61  5:25  Marine  
  61  5:26  Viking, Marine  
  66  5:29  SCV  
  66  5:35  Supply Depot, SCV  
  68  5:41  SCV  
  65  5:51  SCV  
  65  5:53  SCV  
  63  6:00  Engineering Bay  
  63  6:01  Engineering Bay  
  63  6:03  Refinery  
  59  6:04  Siege Tank, Refinery  
  59  6:05  SCV  
  59  6:07  SCV  
  64  6:12  Barracks Tech Lab  
  64  6:14  Viking  
  64  6:15  Barracks  
  64  6:16  Barracks  
  64  6:17  SCV  
  64  6:18  Viking  
  69  6:23  Orbital Command  
  69  6:24  SCV  
  70  6:28  Terran Infantry Armor Level 1, Terran Infantry Weapons Level 1  
  70  6:30  Marine  
  70  6:32  Stimpack  
  71  6:35  SCV  
  71  6:36  SCV  
  73  6:43  Siege Tank  
  76  6:47  SCV  
  76  6:48  Marine, SCV  
  76  6:51  SCV  
  80  6:55  Medivac x2  
  80  6:57  Barracks  
  80  6:58  Barracks  
  80  6:59  SCV  
  80  7:00  SCV  
  85  7:04  Refinery x2  
  85  7:06  Barracks Reactor  
  85  7:07  Barracks Reactor  
  85  7:12  SCV  
  85  7:13  Supply Depot  
  85  7:14  Supply Depot, SCV x2  
  88  7:20  Siege Tank  
  91  7:24  SCV  
  91  7:26  Medivac, SCV x2  
  96  7:36  Supply Depot x2, SCV  
  97  7:38  SCV x2  
  97  7:41  Marine, Armory  
  99  7:49  SCV  
  99  7:50  SCV x2  
  102  7:54  Marine x4  
  102  7:55  Barracks Reactor  
  102  7:56  Barracks Reactor  
  102  7:57  Siege Tank  
  109  7:59  Marine  
  109  8:00  Medivac x2  
  114  8:12  Marine x4  
  117  8:13  Supply Depot  
  117  8:17  Marine  
  117  8:20  Missile Turret  
  117  8:23  Supply Depot, Factory  
  117  8:24  Supply Depot  
  117  8:29  Marine x2, Siege Tank  
  117  8:30  Missile Turret, Marine x2  
  117  8:32  Marine x2  
  117  8:34  Marine  
  127  8:35  Marine x2  
  128  8:45  Medivac  
  128  8:47  Marine x4, Sensor Tower  
  128  8:48  Terran Infantry Weapons Level 2  
  136  8:49  Terran Infantry Armor Level 2  
  136  8:50  Marine x2  
  136  8:51  Marine  
  136  8:53  Marine x2  
  139  8:59  Combat Shields  
  139  9:01  Medivac  
  139  9:05  Marine x4  
  139  9:07  Command Center  
  139  9:08  Marine x2  
  139  9:09  Supply Depot, Marine  
  146  9:10  Marine  
  146  9:11  Marine  
  146  9:12  Supply Depot  
  147  9:23  Marine x4  
  150  9:25  Marine  
  150  9:26  Marine, Siege Tank  
  150  9:27  Marine  
  150  9:28  Marine x2  
  150  9:30  Terran Vehicle Weapons Level 1  
  158  9:35  Missile Turret  
  158  9:41  Marine x4  
  158  9:44  Marine x2  
  161  9:49  Marine  
  162  9:53  Factory Tech Lab  
  162  9:54  Viking x2  
  162  9:55  Marine x2  
  162  9:58  Supply Depot, Siege Tank  
  162  9:59  Supply Depot, Marine  
  172  10:01  Marine  
  172  10:06  Supply Depot  
  173  10:08  Supply Depot  
  173  10:14  Marine x2  
  173  10:16  Marine x2  
  173  10:18  Marine  
  178  10:22  Marine x3  
  178  10:23  Marine  
  178  10:24  Viking x2  
  186  10:30  Siege Tank  
  186  10:32  Marine x2  
  186  10:33  Marine  
  186  10:34  Marine  
  193  10:36  Marine  
  193  10:37  Siege Tank  
  193  10:40  Marine, Sensor Tower  
  198  10:47  Marine x2  
  200  11:02  Marine x2  
  200  11:03  Marine x2  
  200  11:09  Marine  
  170  11:18  Marine x4, Siege Tank x2, Planetary Fortress  
  179  11:20  Marine  
  179  11:22  Command Center  
  181  11:27  Marine  
  182  11:34  Viking  
  182  11:39  Marine x2  
  184  11:40  Marine  
  184  11:41  Marine  
  184  11:42  Marine x2  
  184  11:44  Marine  
  189  11:47  Marine x2  
Show
View Real Time Build Order
Export as new Build Order

HeroMarine Terran 

Build Orders: Reaper Expand, Bio Tank 

Get SALT Encoding   

  12  0:00  SCV  
  13  0:13  SCV  
  14  0:17  Supply Depot  
  14  0:25  SCV  
  15  0:39  SCV  
  15  0:40  Barracks  
  16  0:44  Refinery  
  16  0:51  SCV  
  17  1:03  SCV  
  18  1:15  SCV  
  19  1:28  Reaper, Orbital Command  
  20  1:43  Command Center  
  20  1:52  Supply Depot  
  20  1:55  SCV  
  20  2:00  Reaper  
  22  2:08  SCV  
  23  2:20  SCV  
  23  2:21  Factory  
  24  2:32  Marine, SCV  
  26  2:44  SCV  
  26  2:51  Command Center, Barracks Reactor  
  27  2:56  Orbital Command  
  27  2:57  SCV  
  28  3:02  Refinery  
  28  3:08  Hellion  
  28  3:10  SCV  
  31  3:17  Starport  
  30  3:22  SCV x2  
  32  3:28  Marine x2  
  32  3:29  Factory Tech Lab  
  35  3:34  SCV x2  
  36  3:45  Marine  
  36  3:46  Marine, SCV x2  
  36  3:48  Cyclone  
  44  3:57  Engineering Bay  
  44  3:58  SCV x2  
  46  4:03  Marine x2  
  46  4:05  Orbital Command  
  48  4:10  Viking  
  48  4:12  SCV  
  48  4:14  SCV  
  52  4:21  Marine x2  
  52  4:23  Siege Tank  
  56  4:25  Supply Depot  
  56  4:27  SCV  
  56  4:28  SCV  
  58  4:36  Supply Depot, SCV  
  59  4:40  SCV  
  59  4:45  Marine x2  
  58  4:46  SCV  
  58  4:48  SCV  
  55  4:52  SCV  
  55  4:58  SCV  
  56  5:00  SCV, Refinery  
  56  5:01  Refinery  
  56  5:02  Viking  
  56  5:03  Marine  
  56  5:05  Engineering Bay  
  56  5:06  SCV  
  61  5:10  SCV  
  61  5:12  SCV  
  63  5:14  Marine  
  63  5:16  Siege Tank  
  63  5:18  SCV  
  68  5:22  Marine  
  68  5:23  SCV  
  68  5:24  SCV  
  71  5:28  Supply Depot  
  71  5:30  Supply Depot  
  71  5:32  Barracks  
  71  5:35  Barracks  
  71  5:42  Marine x2  
  65  5:45  SCV x2  
  65  5:48  SCV  
  65  5:54  Viking  
  65  5:58  Siege Tank  
  65  5:59  SCV  
  65  6:01  SCV  
  72  6:05  Terran Infantry Armor Level 1, Terran Infantry Weapons Level 1  
  72  6:06  SCV  
  73  6:13  SCV  
  73  6:14  SCV  
  73  6:17  Supply Depot  
  73  6:21  Barracks Reactor  
  73  6:22  Barracks Reactor  
  73  6:23  Barracks Tech Lab, Orbital Command  
  73  6:25  SCV  
  75  6:30  SCV  
  75  6:31  Barracks x2  
  75  6:35  Viking  
  75  6:36  Viking  
  75  6:37  SCV  
  80  6:42  Marine, Stimpack  
  80  6:45  SCV  
  82  6:49  Siege Tank, SCV  
  82  6:50  SCV  
  82  6:53  Supply Depot  
  87  6:57  SCV  
  87  6:59  Marine  
  89  7:01  Marine x4, SCV  
  89  7:02  SCV  
  89  7:06  Viking  
  97  7:09  Viking, SCV  
  97  7:14  Supply Depot, SCV  
  99  7:16  Supply Depot  
  99  7:17  Marine  
  99  7:19  SCV  
  99  7:20  Armory  
  99  7:21  SCV  
  102  7:25  Refinery  
  102  7:26  Marine, SCV  
  102  7:27  Refinery  
  102  7:28  Barracks Reactor  
  102  7:29  Barracks Reactor  
  104  7:31  SCV  
  104  7:33  SCV  
  104  7:36  Marine x2, Siege Tank  
  111  7:38  SCV  
  111  7:40  Supply Depot  
  111  7:43  SCV  
  113  7:44  Marine x2  
  113  7:45  SCV  
  113  7:46  Marine  
  113  7:50  SCV  
  118  7:51  Medivac x2  
  118  7:54  Marine  
  118  7:57  Missile Turret, Supply Depot  
  118  7:58  SCV  
  125  8:00  Marine  
  125  8:02  Marine x2  
  125  8:04  Marine  
  128  8:08  Marine x2  
  128  8:11  Terran Infantry Weapons Level 2  
  129  8:13  Terran Infantry Armor Level 2  
  129  8:16  Marine x2  
  129  8:17  Supply Depot  
  129  8:18  Supply Depot x2, Marine x2  
  133  8:20  Marine  
  133  8:23  Factory  
  133  8:24  Marine x2  
  133  8:26  Marine x2  
  138  8:27  Medivac  
  140  8:35  Medivac  
  140  8:39  Marine x2  
  140  8:44  Command Center  
  140  8:45  Terran Vehicle Weapons Level 1  
  140  8:46  Siege Tank  
  140  8:47  Marine x4  
  147  8:49  Marine  
  147  8:50  Marine x2  
  149  8:57  Marine x2  
  149  8:59  Combat Shields  
  149  9:02  Medivac  
  153  9:05  Marine x3  
  153  9:08  Factory Tech Lab, Marine x2, Sensor Tower  
  158  9:11  Marine x2  
  158  9:12  Supply Depot x2  
  158  9:14  Marine  
  161  9:19  Marine  
  161  9:22  Siege Tank  
  161  9:23  Marine  
  165  9:29  Supply Depot  
  165  9:31  Supply Depot x2, Marine x2, Siege Tank  
  170  9:34  Medivac  
  170  9:35  Medivac  
  174  9:41  Marine  
  174  9:42  Marine x2  
  174  9:43  Marine x3  
  174  9:44  Marine  
  171  9:48  Marine x2  
  173  9:54  Siege Tank  
  173  9:59  Marine x2  
  177  10:00  Marine x2  
  177  10:04  Siege Tank  
  183  10:08  Barracks  
  183  10:09  Barracks  
  183  10:10  Medivac x2  
  187  10:20  Marine x3  
  188  10:24  Marine  
  188  10:25  Marine  
  190  10:35  Barracks  
  190  10:36  Marine x3  
  190  10:37  Marine  
  190  10:38  Marine  
  193  10:45  Viking x2  
  188  10:52  Marine x3  
  188  10:53  Marine  
  188  10:54  Marine  
  188  10:55  Marine  
  188  10:56  Marine  
  186  11:00  Marine x2  
  183  11:08  Siege Tank  
  183  11:09  Marine  
  183  11:10  Marine x2  
  183  11:11  Marine  
  140  11:12  Marine  
  140  11:13  Marine x2  
  140  11:15  Viking x2  
  140  11:17  Marine  
  140  11:18  Marine  
  149  11:20  Siege Tank  
  149  11:24  Barracks Reactor  
  149  11:25  Barracks Reactor  
  153  11:27  Marine x3  
  153  11:28  Marine  
  153  11:29  Marine x2  
  153  11:31  Marine  
  160  11:33  Marine  
  160  11:35  Marine  
  160  11:36  Marine  
  153  11:45  Marine x4  
  153  11:47  Marine  
Tags
 
Add a new tag
Caveats
  • Supply blocks, unpowered buildings, or Contaminate may cause inaccurate times.
  • Supply counts are checked every 10 seconds.